[Event "7th Francophone-ch 2019"]
[Site "Paris"]
[Date "2019.08.10"]
[Round "7.6"]
[White "Rakotomaharo, Fy Antenaina"]
[Black "Dudognon, Thibault"]
[Result "1-0"]
[ECO "D19"]
[WhiteElo "2419"]
[BlackElo "2247"]
[Annotator "NA"]
[PlyCount "145"]
[EventDate "2019.08.04"]
[EventType "swiss"]
[EventCountry "FRA"]
[SourceTitle "playchess.com"]
[Source "ChessBase"]
[SourceQuality "1"]
[TimeControl "40/5400+30:1800+30"]

1. d4 d5 2. c4 c6 3. Nc3 Nf6 4. Nf3 dxc4 5. a4 Bf5 6. e3 e6 7. Bxc4 Bb4 8. O-O Nbd7 9. Qe2 Bg6 10. Rd1 O-O 11. h3 Qe7 12. Bd2 e5 13. Nh4 exd4 14. Nxg6 hxg6 15. exd4 Qxe2 16. Bxe2 a5 17. Bc4 Nb6 18. Bb3 Rfe8 19. g4 Rad8 20. g5 Nfd5 21. Re1 Kf8 22. Rxe8+ Rxe8 23. Kg2 f5 24. Rh1 Nc7 25. Rd1 Ncd5 26. h4 Rd8 27. Kf3 Ne7 28. Bf4 Nbd5 29. Nxd5 Nxd5 30. Be5 Bd6 31. Bxd5 Bxe5 32. dxe5 cxd5 33. Ke3 Ke7 34. Rc1 Rh8 35. Rc7+ Ke6 36. f4 Rxh4 37. Rxg7 d4+ 38. Kf3 Rh3+ 39. Kg2 Rb3 40. Rxg6+ Kd5 41. Rd6+ Ke4 42. g6 Rxb2+ 43. Kg3 Rb1 44. e6 Rg1+ 45. Kf2 Rxg6 46. e7 Rxd6 47. e8=Q+ Kxf4 48. Qe7 Rd5 49. Qe6 Re5 50. Qd7 Ke4 51. Ke2 Rd5 52. Qe7+ Re5 53. Qxb7+ Rd5 54. Qe7+ Re5 55. Qd8 f4 56. Kd2 Rd5 57. Qe7+ Re5 58. Qa3 Rd5 59. Qd3+ Ke5 60. Qe2+ Kf5 61. Kd3 Re5 62. Qg2 Kf6 63. Kxd4 Rf5 64. Qf3 Kg5 65. Ke4 Rf6 66. Qg2+ Kh6 67. Kf3 Rf5 68. Qg8 Rg5 69. Qe6+ Rg6 70. Qh3+ Kg5 71. Qg4+ Kf6 72. Qxf4+ Ke6 73. Qc4+ {[%emt 0:09:57] Kd5 Ke4+} 1-0

[Event "7th Francophone-ch 2019"]
[Site "Paris"]
[Date "2019.08.10"]
[Round "7.7"]
[White "Amdouni, Zoubaier"]
[Black "Dardha, Daniel"]
[Result "1/2-1/2"]
[ECO "B32"]
[WhiteElo "2248"]
[BlackElo "2420"]
[Annotator "NA"]
[PlyCount "59"]
[EventDate "2019.08.04"]
[EventType "swiss"]
[EventCountry "FRA"]
[SourceTitle "playchess.com"]
[Source "ChessBase"]
[SourceQuality "1"]
[TimeControl "40/5400+30:1800+30"]

1. e4 c5 2. Nf3 Nc6 3. d4 cxd4 4. Nxd4 e5 5. Nb5 d6 6. N1c3 a6 7. Na3 Be7 8. Nc4 b5 9. Ne3 Nf6 10. Ned5 O-O 11. a4 b4 12. Nxf6+ Bxf6 13. Nd5 Bg5 14. Bc4 Bxc1 15. Rxc1 a5 16. O-O Nd4 17. f4 Bb7 18. c3 bxc3 19. bxc3 Ne6 20. f5 Nf4 21. Nxf4 exf4 22. Rxf4 Qb6+ 23. Qd4 Qxd4+ 24. cxd4 Rac8 25. Rc2 h6 26. e5 Bd5 27. Bd3 Rxc2 28. Bxc2 dxe5 29. dxe5 Re8 30. e6 1/2-1/2

[Event "7th Francophone-ch 2019"]
[Site "Paris"]
[Date "2019.08.10"]
[Round "7.8"]
[White "Ralison, Milanto Harifidy"]
[Black "Di Nicolantonio, Lucas"]
[Result "1-0"]
[ECO "B06"]
[WhiteElo "2291"]
[BlackElo "2396"]
[Annotator "NA"]
[PlyCount "125"]
[EventDate "2019.08.04"]
[EventType "swiss"]
[EventCountry "FRA"]
[SourceTitle "playchess.com"]
[Source "ChessBase"]
[SourceQuality "1"]
[TimeControl "40/5400+30:1800+30"]

1. e4 g6 2. d4 Bg7 3. Nc3 d6 4. Be3 a6 5. a4 b6 6. Bc4 e6 7. f3 Ne7 8. Bb3 c5 9. Nge2 Nbc6 10. d5 exd5 11. Nxd5 O-O 12. c3 Bb7 13. Qd2 b5 14. Rd1 c4 15. Ba2 Ne5 16. Nxe7+ Qxe7 17. O-O Rad8 18. Nf4 f5 19. Nd5 Qe6 20. Bg5 Rd7 21. Bb1 fxe4 22. fxe4 Rdf7 23. Rxf7 Rxf7 24. h3 Qe8 25. axb5 axb5 26. Bc2 Qf8 27. Nf4 Qe8 28. Nd5 Qf8 29. Ne3 h6 30. Bh4 Nd3 31. Bxd3 cxd3 32. Qxd3 Be5 33. Nd5 g5 34. Bg3 Qe8 35. Bxe5 Qxe5 36. Qd4 Qe6 37. Rf1 Rxf1+ 38. Kxf1 Kh7 39. Ke2 Qf7 40. Ne3 Qe6 41. Kd3 Qa2 42. Kc2 Qe6 43. Nd5 Qf7 44. Kb3 Qf1 45. Ne3 Qa1 46. Kc2 Qa8 47. Nd5 Qf8 48. Qf6 Qxf6 49. Nxf6+ Kg6 50. Nd5 g4 51. h4 g3 52. Kd3 Kh5 53. Ke3 Kxh4 54. Kf4 Kh5 55. Ne7 Ba8 56. Nf5 d5 57. e5 d4 58. cxd4 Bxg2 59. Kxg3 Bb7 60. Kf4 Kg6 61. d5 h5 62. d6 Kf7 63. d7 1-0

[Event "7th Francophone-ch 2019"]
[Site "Paris"]
[Date "2019.08.10"]
[Round "7.9"]
[White "Chandesris, Ludovic"]
[Black "Okhotnik, Vladimir"]
[Result "1-0"]
[ECO "B22"]
[WhiteElo "2272"]
[BlackElo "2381"]
[Annotator "NA"]
[PlyCount "117"]
[EventDate "2019.08.04"]
[EventType "swiss"]
[EventCountry "FRA"]
[SourceTitle "playchess.com"]
[Source "ChessBase"]
[SourceQuality "1"]
[TimeControl "40/5400+30:1800+30"]

1. e4 c5 2. Nf3 e6 3. c3 d5 4. exd5 exd5 5. d4 Nc6 6. Be2 Bd6 7. Be3 c4 8. b3 cxb3 9. axb3 Nge7 10. O-O O-O 11. Re1 a6 12. Nbd2 Nf5 13. Nf1 Nce7 14. Qc2 Nxe3 15. Nxe3 f6 16. Nxd5 Nxd5 17. Bc4 Kh8 18. Bxd5 Bxh2+ 19. Kxh2 Qxd5 20. c4 Qh5+ 21. Kg1 Bf5 22. Qd2 Rfe8 23. Rxe8+ Rxe8 24. Re1 g5 25. d5 Qf7 26. Rxe8+ Qxe8 27. Qd4 Kg7 28. Nxg5 Qe1+ 29. Kh2 Qe5+ 30. Qxe5 fxe5 31. Nf3 Kf6 32. Kg3 a5 33. Nd2 b6 34. Kf3 Bc2 35. Kg4 Bf5+ 36. Kf3 Bc2 37. Ke3 Ke7 38. g3 Kd6 39. Ne4+ Kc7 40. Nd2 Kd6 41. f4 exf4+ 42. Kxf4 h5 43. Ke3 Ke5 44. Nf3+ Kd6 45. Nd4 Bd1 46. Kf4 Bg4 47. Nf5+ Kd7 48. Ne3 Be2 49. Ke5 Bf3 50. d6 Bc6 51. Nd5 b5 52. cxb5 Bxb5 53. Nf6+ Kd8 54. Nxh5 Be2 55. Nf4 Bd1 56. Ne6+ Kd7 57. Nc5+ Kc6 58. d7 Kc7 59. Ke4 1-0

[Event "7th Francophone-ch 2019"]
[Site "Paris"]
[Date "2019.08.10"]
[Round "7.10"]
[White "Najart, David"]
[Black "Berend, Fred"]
[Result "0-1"]
[ECO "A21"]
[WhiteElo "2280"]
[BlackElo "2350"]
[Annotator "NA"]
[PlyCount "68"]
[EventDate "2019.08.04"]
[EventType "swiss"]
[EventCountry "FRA"]
[SourceTitle "playchess.com"]
[Source "ChessBase"]
[SourceQuality "1"]
[TimeControl "40/5400+30:1800+30"]

1. c4 g6 2. g3 Bg7 3. Bg2 e5 4. Nc3 d6 5. d3 f5 6. e3 Nf6 7. Nge2 O-O 8. h3 c6 9. f4 Na6 10. Rb1 Nc7 11. b4 Re8 12. O-O a6 13. Kh2 exf4 14. gxf4 d5 15. c5 Bd7 16. Nd4 Re7 17. a4 Qe8 18. Qd2 Ne6 19. Nxe6 Rxe6 20. Bf3 Qe7 21. Rf2 Re8 22. Re2 h6 23. Qe1 Bc8 24. Bd2 a5 25. d4 axb4 26. Rxb4 g5 27. fxg5 hxg5 28. Qg3 g4 29. hxg4 fxg4 30. Bg2 Nh5 31. Qe1 Bf6 32. e4 Bh4 33. Qc1 Qh7 34. Bf4 Nxf4 0-1

[Event "7th Francophone-ch 2019"]
[Site "Paris"]
[Date "2019.08.11"]
[Round "8.1"]
[White "Flom, Gabriel"]
[Black "Mastrovasilis, Dimitrios"]
[Result "1/2-1/2"]
[ECO "D41"]
[WhiteElo "2494"]
[BlackElo "2589"]
[Annotator "ChessBase"]
[PlyCount "122"]
[EventDate "2019.08.04"]
[EventType "swiss"]
[EventCountry "FRA"]
[SourceTitle "playchess.com"]
[Source "ChessBase"]
[SourceQuality "1"]
[TimeControl "40/5400+30:1800+30"]

1. d4 d5 2. c4 e6 3. Nc3 Nf6 4. cxd5 Nxd5 5. e4 Nxc3 6. bxc3 c5 7. Nf3 cxd4 8. cxd4 Bb4+ 9. Bd2 Bxd2+ 10. Qxd2 O-O 11. Bc4 Nd7 12. O-O b6 13. Rfe1 Bb7 14. Rad1 Rc8 15. Bb3 h6 16. h3 Qf6 17. Nh2 Rfd8 18. Qe3 Qg6 19. f3 Nf6 20. Ng4 Nxg4 21. hxg4 Qg5 22. Qxg5 hxg5 23. d5 e5 24. Kf2 Kf8 25. Rc1 Ke7 26. Ke3 Kd6 27. a4 Rxc1 28. Rxc1 Rc8 29. Rxc8 Bxc8 30. Kd3 Kc5 31. Kc3 Ba6 32. Bc2 b5 33. Bd3 b4+ 34. Kd2 Bc8 35. a5 Bd7 36. Kc2 Ba4+ 37. Kb2 Kd4 38. Ba6 Kc5 39. Bd3 g6 40. Ba6 Bd7 41. Kb3 f5 42. gxf5 gxf5 43. g3 fxe4 44. fxe4 Bg4 45. Bd3 Bd1+ 46. Kb2 Ba4 47. Ba6 Kd4 48. Bb7 Kc5 49. Bc8 Bb5 50. Bf5 Bc4 51. Kc2 Be2 52. Kb3 Bd1+ 53. Kb2 Ba4 54. Ka2 Bc2 55. Kb2 Bd1 56. Ka2 Kb5 57. d6 Kc6 58. d7 Kc7 59. Kb2 Ba4 60. Ka2 Bd1 61. Kb2 Ba4 1/2-1/2

[Event "7th Francophone-ch 2019"]
[Site "Paris"]
[Date "2019.08.11"]
[Round "8.2"]
[White "David, Alberto"]
[Black "Fontaine, Quentin"]
[Result "1-0"]
[ECO "C00"]
[WhiteElo "2553"]
[BlackElo "2339"]
[Annotator "ChessBase"]
[PlyCount "115"]
[EventDate "2019.08.04"]
[EventType "swiss"]
[EventCountry "FRA"]
[SourceTitle "playchess.com"]
[Source "ChessBase"]
[SourceQuality "1"]
[TimeControl "40/5400+30:1800+30"]

1. Nf3 d5 2. g3 Nf6 3. Bg2 e6 4. O-O c5 5. d3 Nc6 6. Nbd2 Be7 7. e4 O-O 8. Re1 b5 9. e5 Nd7 10. Nf1 Bb7 11. h4 Qc7 12. Bf4 Rfc8 13. h5 h6 14. c3 a5 15. a4 bxa4 16. Rxa4 Nb6 17. Ra2 a4 18. N1h2 d4 19. c4 a3 20. Rxa3 Nb4 21. Ng4 Bc6 22. Qe2 Qb7 23. Rea1 Nc2 24. Qxc2 Bxf3 25. Bxf3 Qxf3 26. Qd1 Qxd1+ 27. Rxd1 Rab8 28. Ra7 Kf8 29. Rda1 Ke8 30. Kf1 Nd7 31. Bc1 Rb3 32. Ke2 Nb8 33. Ra8 Kd7 34. R1a7+ Rc7 35. Rxc7+ Kxc7 36. Ra7+ Kd8 37. Kd2 Nc6 38. Ra8+ Nb8 39. Kc2 Rb6 40. Bd2 Kc8 41. f4 Kb7 42. Ra1 Nc6 43. Rf1 Ra6 44. Nf2 Kc7 45. g4 Ra8 46. f5 Kb6 47. f6 Bf8 48. Re1 Nb8 49. g5 Nd7 50. Ng4 hxg5 51. Bxg5 Kc6 52. Rf1 Rc8 53. fxg7 Bxg7 54. Rxf7 Nxe5 55. Rxg7 Nxg4 56. h6 Rh8 57. h7 Kd6 58. Be7+ 1-0

[Event "7th Francophone-ch 2019"]
[Site "Paris"]
[Date "2019.08.11"]
[Round "8.3"]
[White "Shchekachev, Andrei"]
[Black "Bergez, Luc"]
[Result "0-1"]
[ECO "D37"]
[WhiteElo "2531"]
[BlackElo "2308"]
[Annotator "ChessBase"]
[PlyCount "62"]
[EventDate "2019.08.04"]
[EventType "swiss"]
[EventCountry "FRA"]
[SourceTitle "playchess.com"]
[Source "ChessBase"]
[SourceQuality "1"]
[TimeControl "40/5400+30:1800+30"]

1. Nf3 d5 2. d4 Nf6 3. c4 e6 4. Nc3 a6 5. cxd5 exd5 6. Bg5 Be7 7. e3 O-O 8. Bd3 Be6 9. h3 Nbd7 10. O-O h6 11. Bf4 b5 12. Rc1 c5 13. dxc5 Bxc5 14. Ne2 Rc8 15. Nfd4 Qb6 16. Ng3 g5 17. Ndf5 Bxf5 18. Nxf5 gxf4 19. Nxh6+ Kh8 20. exf4 Ne4 21. Bxe4 dxe4 22. Qxd7 Bxf2+ 23. Kh1 Rxc1 24. Nxf7+ Rxf7 25. Qe8+ Kg7 26. Rxc1 Qd4 27. Qc8 Qd6 28. Qg4+ Qg6 29. Qd1 Be3 30. Rc8 Qg3 31. Re8 Qxf4 0-1

[Event "7th Francophone-ch 2019"]
[Site "Paris"]
[Date "2019.08.11"]
[Round "8.4"]
[White "Philippe, Guillaume"]
[Black "Mastrovasilis, Athanasios"]
[Result "0-1"]
[ECO "D32"]
[WhiteElo "2344"]
[BlackElo "2518"]
[Annotator "ChessBase"]
[PlyCount "84"]
[EventDate "2019.08.04"]
[EventType "swiss"]
[EventCountry "FRA"]
[SourceTitle "playchess.com"]
[Source "ChessBase"]
[SourceQuality "1"]
[TimeControl "40/5400+30:1800+30"]

1. Nf3 Nf6 2. e3 c5 3. c4 e6 4. b3 d5 5. Bb2 Nc6 6. cxd5 exd5 7. d4 a6 8. Be2 Bd6 9. O-O O-O 10. dxc5 Bxc5 11. Nc3 Ba7 12. Rc1 Re8 13. Na4 Ne4 14. Nd4 Qg5 15. Nxc6 bxc6 16. Bd4 Bh3 17. Bf3 Re6 18. Re1 Bxd4 19. exd4 Nd2 20. Re3 Rxe3 21. Qxd2 Re5 22. Qxg5 Rxg5 23. Rxc6 Re8 24. Kf1 Bd7 25. Rc1 Bb5+ 26. Kg1 Bxa4 27. bxa4 Rf5 28. Kf1 g6 29. Rc5 Rb8 30. Bxd5 Rb2 31. Rc8+ Kg7 32. Bf3 Rxa2 33. Rc4 Rf4 34. Ke1 a5 35. h3 h5 36. Kf1 g5 37. Rc5 g4 38. hxg4 hxg4 39. Rg5+ Kf6 40. Rxg4 Rxg4 41. Bxg4 Rxa4 42. Ke2 Rxd4 0-1

[Event "7th Francophone-ch 2019"]
[Site "Paris"]
[Date "2019.08.11"]
[Round "8.5"]
[White "Bouget, Alexandre"]
[Black "Rakotomaharo, Fy Antenaina"]
[Result "1/2-1/2"]
[ECO "D85"]
[WhiteElo "2275"]
[BlackElo "2419"]
[Annotator "NA"]
[PlyCount "108"]
[EventDate "2019.08.04"]
[EventType "swiss"]
[EventCountry "FRA"]
[SourceTitle "playchess.com"]
[Source "ChessBase"]
[SourceQuality "1"]
[TimeControl "40/5400+30:1800+30"]

1. d4 Nf6 2. c4 g6 3. Nc3 d5 4. cxd5 Nxd5 5. e4 Nxc3 6. bxc3 Bg7 7. Ba3 Nd7 8. Qb3 c5 9. Rd1 Qa5 10. Nf3 O-O 11. Be2 Nf6 12. e5 Be6 13. Qb2 Nd5 14. Bxc5 Nxc3 15. Qd2 b6 16. Rc1 (16. Bxe7 $17 Rfe8 17. Bd6) 16... bxc5 17. dxc5 $19 (17. Qxc3 {might work better.} Qxc3+ 18. Rxc3) 17... Rab8 18. Bd3 Qxa2 19. Rxc3 Rb2 20. Rc2 Rxc2 21. Qxc2 Qa1+ 22. Qb1 Qc3+ 23. Ke2 Bh6 24. Qc2 Qxc2+ 25. Bxc2 Rc8 26. Rd1 Rxc5 27. Rd8+ Kg7 28. Be4 Ra5 29. Kd3 Ra3+ 30. Kd4 Ra2 31. Ra8 Bc1 32. Kd3 g5 33. Nd4 Bf4 34. Nxe6+ fxe6 35. Re8 Rd2+ 36. Kc4 Rd7 37. Bc6 Rc7 38. Kb5 Bxe5 39. Rd8 h5 40. h3 Bd6 41. Rd7 a6+ 42. Kb6 Rc8 43. Ra7 Rf8 44. f3 Rf5 45. Rxa6 Rc5 46. Ra5 Rf5 47. Rxf5 exf5 48. Be8 Kf6 49. Kc6 Ke5 50. Bxh5 Kf4 51. g4 fxg4 52. Bxg4 Ba3 53. Kd5 e5 54. Kc4 Be7 1/2-1/2

[Event "7th Francophone-ch 2019"]
[Site "Paris"]
[Date "2019.08.11"]
[Round "8.6"]
[White "Aloma Vidal, Robert"]
[Black "Macon, Arthur"]
[Result "1/2-1/2"]
[ECO "B11"]
[WhiteElo "2419"]
[BlackElo "2270"]
[Annotator "NA"]
[PlyCount "85"]
[EventDate "2019.08.04"]
[EventType "swiss"]
[EventCountry "FRA"]
[SourceTitle "playchess.com"]
[Source "ChessBase"]
[SourceQuality "1"]
[TimeControl "40/5400+30:1800+30"]

1. e4 c6 2. Nc3 d5 3. Nf3 dxe4 4. Nxe4 Nf6 5. Nxf6+ exf6 6. Bc4 Bd6 7. Qe2+ Qe7 8. Qxe7+ {[%emt 0:00:11] B11: Caro-Kann: Two Knights Variation} (8. d4 Na6 9. O-O Qxe2 10. Bxe2 Bf5 11. c3 Nc7 12. Nd2 Nd5 13. Nc4 Bc7 14. Ne3 Nxe3 15. Bxe3 O-O-O {½-½ (68) Adams,M (2712)-Tari,A (2618) Batumi 2018}) 8... Kxe7 9. O-O Rd8 10. Re1+ Kf8 11. h3 Nd7 12. d4 Nb6 13. Bd3 h6 $146 ({Predecessor:} 13... g6 14. c4 Nd7 15. c5 Bb8 {½-½ (40) Alexovic,J-Dlhy,J Slovakia 1995}) 14. c4 Bb4 15. Re2 Be6 16. b3 Be7 17. g4 g5 18. Kg2 a5 19. a4 Nd7 20. Be4 $16 Nb8 21. Bd2 Bb4 22. Bxb4+ axb4 23. d5 cxd5 24. cxd5 Bd7 25. Rc1 Na6 26. Nd4 Rac8 27. Rxc8 Rxc8 28. Bf5 Bxf5 29. Nxf5 Rd8 30. Rc2 Ke8 31. Re2+ Kf8 32. d6 Nc5 33. Rc2 Nxb3 34. Rc4 Ke8 35. Rxb4 Nc5 36. a5 Kd7 37. Rc4 Kc6 38. Rb4 Ra8 39. Rb6+ Kd7 40. Nxh6 Rxa5 41. Nxf7 Ra6 42. Rb5 b6 43. h4 1/2-1/2

[Event "7th Francophone-ch 2019"]
[Site "Paris"]
[Date "2019.08.11"]
[Round "8.7"]
[White "Berend, Fred"]
[Black "Ralison, Milanto Harifidy"]
[Result "0-1"]
[ECO "A45"]
[WhiteElo "2350"]
[BlackElo "2291"]
[Annotator "NA"]
[PlyCount "158"]
[EventDate "2019.08.04"]
[EventType "swiss"]
[EventCountry "FRA"]
[SourceTitle "playchess.com"]
[Source "ChessBase"]
[SourceQuality "1"]
[TimeControl "40/5400+30:1800+30"]

1. d4 Nf6 2. Bg5 Ne4 3. Bf4 d5 4. e3 g6 5. Bd3 Bg7 6. h4 c5 7. c3 h6 8. Nd2 Nxd2 9. Qxd2 Nc6 10. Nf3 Qb6 11. Ne5 c4 12. Bb1 g5 13. Bg3 Be6 $16 14. hxg5 hxg5 15. Rxh8+ Bxh8 16. Bh7 O-O-O 17. O-O-O Bxe5 18. dxe5 Qc7 19. Bc2 b6 20. e4 Nxe5 21. Qxg5 f6 22. Qe3 dxe4 23. Qxe4 Rxd1+ 24. Bxd1 Qc6 25. Qxc6+ Nxc6 26. Kd2 Bd5 27. f3 Kd7 28. Ke3 e5 29. Bc2 Ke6 30. Bh4 Ne7 31. g4 Bc6 32. Kf2 Bd5 33. Bd1 Nc8 34. Bc2 Ne7 35. Ke2 Bc6 36. Bh7 Kf7 37. Bc2 Ke6 38. Bg3 b5 39. Bh2 a6 40. Kf2 Bb7 41. Kg3 Bc6 42. Bg1 Nd5 43. Bf5+ Kd6 44. Ba7 Nf4 45. Bb8+ Ke7 46. Bc7 Nd3 47. b3 cxb3 48. axb3 Nc1 49. g5 Nxb3 50. g6 Bd5 51. Bc2 Nd2 52. Bd1 Kf8 53. f4 Ne4+ 54. Kh4 Nxc3 55. Bg4 exf4 56. Bxf4 Kg7 57. Kh5 b4 58. Bh6+ Kg8 59. Bd2 a5 60. Kh6 Ne4 61. Bf4 b3 62. Bf5 b2 63. g7 Kf7 64. Bg6+ Ke7 65. Bxe4 Bxe4 66. g8=Q b1=Q 67. Qg3 Qh1+ 68. Qh2 Qxh2+ 69. Bxh2 a4 70. Bf4 a3 71. Bc1 a2 72. Bb2 Ke6 73. Kh5 f5 74. Kg5 Kd5 75. Kf4 Kc4 76. Ke3 Kb3 77. Be5 Kc2 78. Kf4 Kb1 79. Bd4 a1=Q 0-1

[Event "7th Francophone-ch 2019"]
[Site "Paris"]
[Date "2019.08.11"]
[Round "8.8"]
[White "Shirazi, Kamran"]
[Black "Sim, Sylvain"]
[Result "1-0"]
[ECO "A13"]
[WhiteElo "2343"]
[BlackElo "2211"]
[Annotator "NA"]
[PlyCount "97"]
[EventDate "2019.08.04"]
[EventType "swiss"]
[EventCountry "FRA"]
[SourceTitle "playchess.com"]
[Source "ChessBase"]
[SourceQuality "1"]
[TimeControl "40/5400+30:1800+30"]

1. c4 Nf6 2. g3 e6 3. Bg2 d5 4. Nf3 c6 5. b3 Bd6 6. O-O O-O 7. Bb2 Nbd7 8. d3 Re8 9. Nc3 {[%emt 0:02:09] A13: English Opening: 1...e6} Qe7 10. Qc2 Ba3 11. Bxa3 Qxa3 12. cxd5 $146 ({Predecessor:} 12. Rfe1 a5 13. cxd5 Nxd5 14. Nd2 N7b6 15. Ncb1 Qe7 16. a3 e5 {½-½ (31) Kanovsky,D (2385)-Stachowiak,K (2474) Teplice 2013}) 12... exd5 13. e4 dxe4 14. dxe4 Qc5 15. Ne1 Qh5 16. f3 Nf8 17. Nd3 Bh3 18. Nf4 Qc5+ 19. Rf2 Bxg2 20. Kxg2 Ne6 21. Nxe6 Rxe6 $14 22. Rd1 Qb6 23. Rfd2 Ree8 24. Na4 Qc7 25. Nc5 Qe7 26. Rd6 Rec8 27. R6d4 g6 28. Qc3 b6 29. Na4 c5 30. Rd6 Rd8 31. Qd2 Rxd6 32. Qxd6 Re8 33. Nc3 Kg7 34. Nb5 Qxd6 35. Nxd6 Re7 36. Kf2 a6 37. g4 h6 38. h4 Kf8 39. Nc8 Rd7 40. Rc1 b5 41. Rxc5 Rd2+ 42. Kg3 Rxa2 43. Rc6 Ne8 44. Nb6 Rb2 45. Nd5 Kg7 46. b4 Ra2 47. g5 hxg5 48. hxg5 f6 49. gxf6+ 1-0

[Event "7th Francophone-ch 2019"]
[Site "Paris"]
[Date "2019.08.11"]
[Round "8.9"]
[White "Dardha, Daniel"]
[Black "Chandesris, Ludovic"]
[Result "1/2-1/2"]
[ECO "A84"]
[WhiteElo "2420"]
[BlackElo "2272"]
[Annotator "NA"]
[PlyCount "110"]
[EventDate "2019.08.04"]
[EventType "swiss"]
[EventCountry "FRA"]
[SourceTitle "playchess.com"]
[Source "ChessBase"]
[SourceQuality "1"]
[TimeControl "40/5400+30:1800+30"]

1. c4 f5 2. Nf3 Nf6 3. d4 e6 4. d5 exd5 5. cxd5 Bb4+ 6. Bd2 Nxd5 7. Bxb4 Nxb4 8. Nc3 c6 9. e3 d5 10. g3 O-O 11. Bg2 Nd7 12. O-O Nf6 13. a3 Na6 14. b4 Nc7 15. Qb3 a6 16. a4 Ne4 17. Rfd1 Qf6 18. Rac1 Be6 19. Nd4 $15 Bf7 20. Qb1 Rfd8 21. b5 axb5 22. axb5 Nxc3 23. Rxc3 Ne6 24. bxc6 Nxd4 25. Rxd4 bxc6 26. h4 Rab8 27. Qc2 Be8 28. Kh2 Rb6 29. Rf4 g6 30. Rb3 Rdb8 31. Rxb6 Rxb6 32. Qa4 Qe5 33. Qa5 Rb5 34. Qa7 Rb2 35. Qa1 Qg7 36. Qa8 Qe7 37. h5 Kg7 38. Ra4 Rb7 39. hxg6 hxg6 40. Rh4 Kg8 41. Qa1 Qg7 42. Qa4 Qf8 43. Kg1 Rb1+ 44. Kh2 Rb7 45. Kg1 Rb1+ 46. Bf1 c5 47. Qa2 Rb4 48. Qxd5+ Bf7 49. Qh1 Rxh4 50. Qxh4 Qd6 51. Qa4 Qd5 52. Bg2 Qd2 53. Qa8+ Kg7 54. Qa1+ Kg8 55. Qa8+ Kg7 1/2-1/2

[Event "7th Francophone-ch 2019"]
[Site "Paris"]
[Date "2019.08.11"]
[Round "8.10"]
[White "Toulzac, Pierre-Yves"]
[Black "Piscopo, Pierluigi"]
[Result "0-1"]
[ECO "A03"]
[WhiteElo "2096"]
[BlackElo "2407"]
[Annotator "NA"]
[PlyCount "50"]
[EventDate "2019.08.04"]
[EventType "swiss"]
[EventCountry "FRA"]
[SourceTitle "playchess.com"]
[Source "ChessBase"]
[SourceQuality "1"]
[TimeControl "40/5400+30:1800+30"]

1. f4 d5 2. Nf3 g6 3. g3 c6 4. Bg2 Qb6 5. e3 Bg7 6. Nc3 Bg4 7. Qe2 e6 8. d3 Nd7 9. O-O Ne7 10. h3 Bxf3 11. Bxf3 O-O 12. Kh2 e5 13. e4 dxe4 $11 14. Nxe4 exf4 15. gxf4 Qc7 16. Ng3 Rfe8 17. Qg2 Nd5 18. c3 Rad8 19. Kh1 Ne3 20. Bxe3 Rxe3 21. Be4 Nf6 22. Qf2 Qb6 23. Rg1 Nxe4 24. dxe4 Rdd3 25. Kh2 Rxg3 0-1

[Event "7th Francophone-ch 2019"]
[Site "Paris"]
[Date "2019.08.12"]
[Round "9.7"]
[White "Berend, Elvira"]
[Black "Holcman, Jeremy"]
[Result "1/2-1/2"]
[ECO "D37"]
[WhiteElo "2344"]
[BlackElo "2090"]
[Annotator "ChessBase"]
[PlyCount "55"]
[EventDate "2019.08.04"]
[EventType "swiss"]
[EventCountry "FRA"]
[SourceTitle "playchess.com"]
[Source "ChessBase"]
[SourceQuality "1"]
[TimeControl "40/5400+30:1800+30"]

1. d4 d5 2. Nf3 Nf6 3. e3 e6 4. Bd3 Bd6 5. c4 dxc4 6. Bxc4 a6 7. O-O O-O 8. Nc3 b5 9. Bd3 Bb7 10. a3 c5 11. dxc5 Bxc5 12. e4 Nbd7 13. Qe2 e5 14. Bg5 Qb6 15. Rad1 Rfe8 16. Bb1 Bd4 17. Na2 a5 18. Bd3 b4 19. axb4 axb4 20. Nc1 Nc5 21. Bxf6 Qxf6 22. Nxd4 exd4 23. f3 Qb6 24. Qf2 Rad8 25. Bc4 Ne6 26. Nb3 Nf4 27. Kh1 Rc8 28. Rxd4 1/2-1/2

[Event "7th Francophone-ch 2019"]
[Site "Paris"]
[Date "2019.08.12"]
[Round "9.8"]
[White "Macon, Arthur"]
[Black "Eugene, Floryan"]
[Result "1-0"]
[ECO "B02"]
[WhiteElo "2270"]
[BlackElo "2300"]
[Annotator "ChessBase"]
[PlyCount "49"]
[EventDate "2019.08.04"]
[EventType "swiss"]
[EventCountry "FRA"]
[SourceTitle "playchess.com"]
[Source "ChessBase"]
[SourceQuality "1"]
[TimeControl "40/5400+30:1800+30"]

1. e4 d5 2. exd5 Nf6 3. Nc3 Nxd5 4. Bc4 Nb6 5. Bb3 Nc6 6. Nf3 e5 7. O-O Bd6 8. d4 Bg4 9. h3 exd4 10. hxg4 dxc3 11. Qd3 Qf6 12. Re1+ Kf8 13. bxc3 Qg6 14. Ng5 Qxd3 15. cxd3 Na5 16. Ne4 Be7 17. Bg5 Bxg5 18. Nxg5 c5 19. Re2 Nxb3 20. axb3 Nd5 21. Re5 Nf4 22. Rf5 Nxd3 23. Nxf7 Rg8 24. Ne5+ Ke7 25. Nxd3 1-0

[Event "7th Francophone-ch 2019"]
[Site "Paris"]
[Date "2019.08.12"]
[Round "9.9"]
[White "Chandesris, Ludovic"]
[Black "Bouget, Alexandre"]
[Result "1-0"]
[ECO "C45"]
[WhiteElo "2272"]
[BlackElo "2275"]
[Annotator "NA"]
[PlyCount "99"]
[EventDate "2019.08.04"]
[EventType "swiss"]
[EventCountry "FRA"]
[SourceTitle "playchess.com"]
[Source "ChessBase"]
[SourceQuality "1"]
[TimeControl "40/5400+30:1800+30"]

1. e4 e5 2. Nf3 Nc6 3. d4 exd4 4. Nxd4 Bc5 5. Be3 Qf6 6. c3 b6 7. Bc4 Nge7 8. O-O Bb7 9. Nb5 O-O-O 10. Bxc5 bxc5 11. Nd2 Ne5 12. Be2 a6 13. Na3 N7g6 14. g3 d5 15. f4 dxe4 16. fxe5 Qg5 17. Nac4 Nxe5 18. Qc2 f5 19. Rad1 Ng4 20. Rf4 h5 21. Nf1 Rxd1 22. Bxd1 Nf6 23. Qf2 g6 24. Qxc5 Rd8 25. Nfe3 Nd7 26. Qa7 Qf6 27. Be2 Nf8 28. Rf1 h4 29. Na5 Qb6 30. Qxb7+ Qxb7 31. Nxb7 Kxb7 32. Rd1 Rxd1+ 33. Bxd1 hxg3 34. hxg3 Ne6 35. Kf2 Nc5 36. Bc2 Kc6 37. Ng2 g5 38. b4 Ne6 39. Ne3 Kb5 40. a4+ Kb6 41. Nxf5 c5 42. Nd6 cxb4 43. cxb4 Kc7 44. Nxe4 Nd4 45. Bd1 Nc6 46. b5 axb5 47. axb5 Nd4 48. Be2 Kb6 49. Nxg5 Nxb5 50. Bxb5 1-0